 Dungeon Crawl Stone Soup version 0.30-a0-585-g93115170b9 (webtiles) character file.

Game seed: 8909829037886689632

256 cforsyth the Trooper (level 6, -2/53 HPs)
             Began as a Ghoul Monk on Jan 1, 2023.
             Slain by a hobgoblin
             ... wielding a +0 club
              (5 damage)
             ... on level 3 of the Dungeon.
             The game lasted 00:03:51 (3059 turns).

cforsyth the Trooper (Ghoul Monk)                   Turns: 3059, Time: 00:03:51

Health: -2/53      AC:  2    Str: 17    XL:     6   Next: 16%
Magic:  5/5        EV: 13    Int:  5    God:
Gold:   139        SH:  0    Dex: 17    Spells: 5/5 levels left

rFire   . . .      SeeInvis .      - Unarmed
rCold   + . .      Faith    .    (no shield)
rNeg    + + +      Spirit   .    a - +0 robe
rPois   ∞          Reflect  .    (no helmet)
rElec   .          Harm     .    (no cloak)
rCorr   .          Rampage  .    (no gloves)
Will    .....                    (no boots)
Stlth   +++                      (no amulet)
HPRegen 0.00/turn                e - +6 ring of dexterity
MPRegen 0.09/turn                (no ring)

@: inhibited regen
A: claws 1, cold resistance 1, negative energy resistance 3, inhibited
regeneration, torment resistance 2, devour on kill
a: no special abilities


You were on level 3 of the Dungeon.
You visited 1 branch of the dungeon, and saw 3 of its levels.

You collected 139 gold pieces.

Inventory:

Armour
 a - a +0 robe (worn)
Jewellery
 e - a +6 ring of dexterity (left claw)
 m - a ring of fire
Scrolls
 d - 2 scrolls of identify {unknown}
 f - a scroll of enchant weapon {unknown}
 g - a scroll of enchant armour {unknown}
 k - a scroll of brand weapon {unknown}
 l - a scroll of noise {unknown}
Potions
 b - a potion of ambrosia
 c - a potion of might {unknown}
 h - 2 potions of heal wounds {unknown}
 i - a potion of degeneration {unknown}
 j - a potion of curing {unknown}


   Skills:
 + Level 4.6 Fighting
 + Level 3.8 Dodging
 + Level 4.1 Stealth
 + Level 4.6 Unarmed Combat


You had 5 spell levels left.
You didn't know any spells.
Your spell library contained the following spells:

 Spells                   Type           Power      Damage    Failure   Level
 Ozocubu's Armour         Ice            0%         N/A       85%         3
 Vhi's Electric Charge    Tloc/Air       0%         N/A       85%         3
 Arcjolt                  Conj/Air       0%         1d10      100%        5
 Ozocubu's Refrigeration  Ice            0%         4d7       100%        7
 Maxwell's Capacitive Co  Air            0%         ∞         100%        8


Dungeon Overview and Level Annotations

Branches:
Dungeon (3/15)

Altars:
Cheibriados
Qazlal
Trog
Uskayaw
Xom


Innate Abilities, Weirdness & Mutations

You are immune to poison.
You have sharp fingernails.
Your flesh is cold resistant. (rC+)
You are immune to negative energy. (rN+++)
You do not regenerate when monsters are visible.
You are immune to unholy pain and torment.
You thrive by killing the living.


Message History

A gnoll comes into view. It is wielding a +0 falchion.
You claw the gnoll!
The gnoll is almost dead.
The hobgoblin hits you with a +0 club. The gnoll barely misses you.
The hobgoblin hits you but does no damage.
You claw the gnoll!
You kill the gnoll!
You feel better. The hobgoblin misses you. The goblin completely misses you.
The hobgoblin closely misses you.
You scratch the goblin.
You kill the goblin!
The hobgoblin misses you.
The goblin hits you from afar with a +0 spear.
The hobgoblin hits you with a +0 club!
You are too injured to fight recklessly!
You are too injured to fight recklessly!
You are too injured to fight recklessly!
You are too injured to fight recklessly!
You are too injured to fight recklessly!
You are too injured to fight recklessly!
You are too injured to fight recklessly!
You are too injured to fight recklessly!
You are too injured to fight recklessly!
You are too injured to fight recklessly!
You are too injured to fight recklessly!
The hobgoblin hits you with a +0 club. The hobgoblin attacks as you move away!
The hobgoblin closely misses you. The hobgoblin attacks as you move away!
The hobgoblin hits you with a +0 club. The hobgoblin attacks as you move away!
The hobgoblin hits you with a +0 club.
* * * LOW HITPOINT WARNING * * *
The hobgoblin attacks as you move away! The hobgoblin hits you with a +0 club.
* * * LOW HITPOINT WARNING * * *
The hobgoblin attacks as you move away! The hobgoblin barely misses you.
Things that are here:
a +0 dagger; a goblin corpse The hobgoblin attacks as you move away!
The hobgoblin hits you with a +0 club.
* * * LOW HITPOINT WARNING * * *
There is an open door here.
The hobgoblin attacks as you move away! The hobgoblin hits you with a +0 club.
You die...

############### ########
#.....))#.....## ##......#
#.......'......###.......#
#########)).....#........##+#
.#........).....#.g...))....#
.'......))).....@gg.........#
.#..............#g..?.......#
#########.......#........##'# ≈≈≈
#.......)).....###.......# #≈≈≈
#.......#.....## ##...(..# #≈≈≈
########################## #≈≈≈
~~≈≈≈≈≈≈≈≈≈≈≈≈≈≈≈≈≈≈≈≈≈≈≈#####≈≈≈
~~≈≈≈≈≈≈≈≈≈≈≈≈≈≈~≈≈≈≈≈≈≈≈~≈≈≈≈≈≈≈
~~~~~≈≈≈~~~≈~~≈~~≈≈~~~~~~~~~~~~~~


You could see a gnoll, 2 hobgoblins and a goblin.

Vanquished Creatures
  Natasha (twice) (D:2)
  Robin (D:3)
  2 gnolls (D:3)
  5 adders
  3 worms
  3 dart slugs
  4 ball pythons
  5 bats
  4 endoplasms
  7 giant cockroaches
  33 goblins
  17 hobgoblins
  5 quokkas
  2 frilled lizards
  7 kobolds
  7 rats
107 creatures vanquished.

Vanquished Creatures (others)
  A demonic plant (D:1)
  2 plants (D:1)
3 creatures vanquished.

Grand Total: 110 creatures vanquished

Notes
Turn   | Place    | Note
-------+----------+-------------------------------------------
     0 | D:1      | cforsyth the Ghoul Monk began the quest for the Orb.
     0 | D:1      | Reached XP level 1. HP: 19/19 MP: 0/0
    29 | D:1      | Found a faded altar of an unknown god.
    48 | D:1      | Reached XP level 2. HP: 13/26 MP: 1/1
   443 | D:1      | Reached XP level 3. HP: 19/31 MP: 2/2
  1338 | D:2      | Reached XP level 4. HP: 38/40 MP: 3/3
  1452 | D:2      | Noticed Natasha
  1462 | D:2      | Killed Natasha
  1838 | D:2      | Noticed Natasha
  1845 | D:2      | Killed Natasha
  1846 | D:2      | Reached XP level 5. HP: 35/46 MP: 4/4
  2031 | D:3      | Noticed a +0 falchion
  2031 | D:3      | Noticed a +0 dagger
  2031 | D:3      | Noticed a +0 spear
  2031 | D:3      | Noticed a +0 short sword
  2069 | D:3      | Noticed a +0 short sword
  2070 | D:3      | Noticed a +0 dagger
  2070 | D:3      | Noticed a +0 spear
  2072 | D:3      | Noticed a +0 falchion
  2084 | D:3      | Found a hide-covered altar of Uskayaw.
  2136 | D:3      | Noticed Robin
  2401 | D:3      | Killed Robin
  2601 | D:3      | Found a shimmering altar of Xom.
  2603 | D:3      | Found a shimmering altar of Xom.
  2603 | D:3      | Found a shimmering altar of Xom.
  2605 | D:3      | Found a snail-covered altar of Cheibriados.
  2605 | D:3      | Found a stormy altar of Qazlal.
  2605 | D:3      | Found a bloodstained altar of Trog.
  2843 | D:3      | Reached XP level 6. HP: 33/53 MP: 5/5
  3059 | D:3      | Slain by a hobgoblin

Illustrated notes

Levels and vault maps discovered:
D:1:      minmay_arrival_stone_box, layout_rooms, shapermc_ecumenical_altar_gd,
          minmay_pentomino_w2
D:2:      layout_basic, uniq_natasha
D:3:      minmay_goblin_kobold_castle, layout_rooms, doesnt_xom_only_xom,
          nicolae_uskayaw_en_pointe, hellmonk_guarded_unrand_hermit, uniq_robin

Skill      XL: |  1  2  3  4  5 |
---------------+----------------+-----
Dodging        | 3 |  3.8
Stealth        | 3 4 |  4.1
Fighting       | 4 |  4.6
Unarmed Combat | 4 |  4.6

Action                   |  1- 3 |  4- 6 || total
-------------------------+-------+-------++-------
Melee: Unarmed           |   130 |   209 ||   339
       Punch             |     4 |     5 ||     9
  Use: Potion            |       |     1 ||     1
 Stab: Sleeping          |     9 |     4 ||    13
Armor: Robe              |    17 |    50 ||    67
Dodge: Dodged            |    82 |   194 ||   276

Table legend: (Time is in decaauts)
 A = Elapsed time spent in this place.
 B = Non-inter-level travel time spent in this place.
 C = Inter-level travel time spent in this place.
 D = Time resting spent in this place.
 E = Time spent auto-exploring this place.
 F = Levels seen in this place.
 G = Mean time per level.
                   A        B        C        D        E       F      G
               +--------+--------+--------+--------+--------+-----+--------+
         Total |   3049 |   2941 |    108 |    200 |   2048 |   3 | 1016.3 |
       Dungeon |   3049 |   2941 |    108 |    200 |   2048 |   3 | 1016.3 |
               +--------+--------+--------+--------+--------+-----+--------+

Top non-repeatable levels by time:
     D:2: 1363 daAuts
     D:3: 878 daAuts
     D:1: 807 daAuts
